Map: Romanticide LE

Players

Semper

  • Race: Terran Terran

MaSa - Winner!

  • Race: Terran Terran

Event: DreamHack SC2 Masters 2021 Fall

VOD

Have the link to the VOD?

Description

Time

  • Played on: Aug. 3, 2021, 4:24 p.m.
  • Length: 17:48

All games in this series

Show
View Real Time Build Order
Export as new Build Order

Semper Terran 

Build Orders:  

Get SALT Encoding   

  12  0:00  SCV  
  13  0:12  SCV  
  14  0:17  Supply Depot  
  14  0:24  SCV  
  15  0:39  SCV  
  15  0:40  Barracks  
  16  0:44  Refinery  
  16  0:51  SCV  
  16  0:54  Refinery  
  17  1:03  SCV  
  18  1:15  SCV  
  19  1:27  Barracks Reactor  
  19  1:28  Orbital Command  
  19  1:41  Supply Depot  
  19  1:42  Factory  
  19  1:53  SCV  
  20  2:04  Reaper  
  20  2:05  Reaper, SCV  
  23  2:11  Supply Depot  
  23  2:17  SCV  
  24  2:26  Hellion  
  27  2:30  SCV  
  27  2:36  Reaper  
  27  2:37  Reaper  
  29  2:47  Hellion  
  31  2:53  Command Center  
  31  2:58  SCV  
  32  3:06  Starport  
  32  3:11  Marine x2  
  32  3:12  Factory Tech Lab  
  34  3:16  SCV  
  35  3:21  Supply Depot  
  35  3:28  SCV  
  36  3:35  Siege Tank  
  38  3:45  Marine x2  
  38  3:46  SCV  
  40  3:48  Medivac  
  39  3:59  SCV  
  39  4:03  Marine x2  
  39  4:05  Orbital Command  
  39  4:07  Refinery  
  41  4:15  Siege Tank  
  44  4:19  SCV  
  44  4:21  Marine x2  
  44  4:23  Starport Tech Lab  
  47  4:32  SCV  
  47  4:37  SCV  
  49  4:47  SCV  
  49  4:51  SCV  
  49  4:54  Raven  
  49  4:55  Command Center  
  51  5:01  Siege Tank  
  51  5:02  SCV  
  55  5:08  SCV  
  56  5:14  Marine x2, Supply Depot  
  56  5:18  SCV  
  56  5:20  SCV  
  60  5:30  SCV  
  60  5:32  SCV  
  60  5:35  Marine x2  
  62  5:37  Supply Depot, Raven  
  62  5:40  Supply Depot, Siege Tank  
  62  5:42  SCV  
  70  5:58  Marine x2, SCV x2  
  70  6:00  Supply Depot  
  74  6:07  Orbital Command  
  74  6:10  Barracks  
  74  6:11  Barracks  
  74  6:13  SCV  
  74  6:14  SCV  
  76  6:22  Siege Tank  
  76  6:25  SCV, Orbital Command  
  80  6:27  SCV  
  80  6:32  Refinery  
  81  6:34  Viking x2  
  81  6:38  Stimpack  
  81  6:39  Marine  
  86  6:42  SCV  
  85  6:47  SCV  
  85  6:56  Engineering Bay x2  
  85  6:57  Marine  
  85  6:59  SCV  
  85  7:01  SCV x2  
  88  7:12  Viking  
  88  7:13  Viking  
  90  7:18  SCV  
  85  7:30  Terran Infantry Armor Level 1, Terran Infantry Weapons Level 1  
  85  7:31  Barracks Reactor x2  
  85  7:32  Siege Tank  
  85  7:33  Barracks  
  85  7:34  SCV x3  
  85  7:36  Barracks  
  87  7:42  Viking  
  87  7:43  Viking  
  91  7:46  SCV x3  
  94  7:52  Sensor Tower  
  94  7:53  Refinery x2  
  94  7:58  SCV x2  
  94  7:59  Marine  
  94  8:01  SCV  
  94  8:05  Supply Depot  
  98  8:06  Siege Tank  
  98  8:07  Supply Depot  
  98  8:10  SCV x2  
  103  8:13  SCV  
  103  8:14  Viking x2  
  103  8:17  Marine  
  109  8:26  Marine x2  
  109  8:27  Barracks Reactor x2, SCV  
  112  8:29  SCV  
  112  8:30  SCV, Supply Depot x2  
  114  8:36  Combat Shield  
  114  8:38  Siege Tank  
  117  8:43  Supply Depot  
  113  8:50  Viking x2  
  113  9:00  SCV  
  112  9:06  Marine x6  
  112  9:07  Marine  
  119  9:10  Siege Tank  
  119  9:12  Marine  
  119  9:13  Marine  
  124  9:18  Command Center  
  124  9:19  Armory  
  124  9:20  Medivac x2  
  128  9:24  Marine  
  123  9:39  Marine x8  
  123  9:42  Marine, Siege Tank  
  123  9:44  Factory  
  135  9:47  Supply Depot x2  
  135  9:52  Medivac x2  
  139  9:57  Marine  
  140  10:01  Marine  
  140  10:02  Marine x7  
  148  10:12  SCV  
  142  10:14  Siege Tank  
  142  10:15  SCV x2  
  144  10:24  SCV  
  144  10:27  Marine x7, SCV x2  
  144  10:28  Marine  
  154  10:32  Terran Infantry Weapons Level 2  
  154  10:36  Barracks Reactor  
  154  10:42  Terran Infantry Armor Level 2  
  154  10:49  Siege Tank  
  157  10:50  Marine  
  157  10:55  Marine  
  157  10:56  Marine x3  
  158  11:00  Marine x3  
  158  11:01  Siege Tank  
  164  11:05  Medivac x2  
  164  11:08  Marine  
  169  11:13  Marine x2  
  169  11:14  Marine x2  
  172  11:19  Marine x5  
  168  11:26  Marine  
  168  11:28  Terran Vehicle Weapons Level 1  
  168  11:31  Marine x4  
  163  11:33  Siege Tank  
  163  11:37  Marine x5  
  171  11:43  Missile Turret  
  171  11:44  Marine  
  171  11:45  Missile Turret  
  172  11:49  Marine x3  
  158  11:55  Marine  
  158  11:57  Siege Tank  
  158  11:59  Marine  
  158  12:00  Liberator  
  151  12:01  Liberator  
  151  12:08  Missile Turret  
  152  12:09  Planetary Fortress  
  152  12:11  SCV x2  
  152  12:13  Missile Turret  
  152  12:14  Marine x7  
  155  12:27  Siege Tank  
  154  12:34  Marine x10  
  154  12:36  Siege Tank  
  162  12:51  Marine  
  162  12:52  Marine x2  
  162  12:57  Marine  
  162  12:58  Marine x3  
  156  12:59  Siege Tank  
  156  13:00  Medivac x2  
  163  13:08  Siege Tank  
  162  13:16  Terran Infantry Armor Level 3, Terran Infantry Weapons Level 3  
  153  13:23  Marine  
  153  13:24  SCV  
  153  13:27  Marine  
  145  13:29  Marine  
  145  13:30  Medivac x2  
  151  13:34  Command Center  
  144  13:46  SCV  
  143  13:54  Marine x7, Siege Tank  
  143  13:55  Marine x3  
  156  13:56  Terran Vehicle Weapons Level 2  
  156  13:58  SCV  
  152  14:05  Siege Tank  
  150  14:12  Marine  
  132  14:25  Marine x9  
  132  14:26  Siege Tank  
  132  14:30  Marine  
  110  14:46  Siege Tank  
  110  14:47  Marine  
  110  14:48  Marine x9  
  119  14:55  Refinery  
  119  14:56  SCV x4, Barracks x3  
  123  15:02  Medivac x2  
  123  15:05  Marine  
  123  15:06  Marine x5  
  130  15:08  SCV  
  130  15:10  Marine x4  
  135  15:15  Siege Tank  
  123  15:23  Marine x4  
  123  15:24  Marine x2  
  123  15:28  Marine x2, Siege Tank  
  133  15:32  Missile Turret  
  134  15:39  Sensor Tower  
  131  15:47  Marine, Siege Tank  
  119  15:50  Planetary Fortress  
  119  15:53  Marine x5  
  119  15:54  Marine x2  
  126  16:00  Siege Tank  
  126  16:03  Marine  
  124  16:07  Marine  
  124  16:10  Marine  
  124  16:11  Marine  
  122  16:15  SCV  
  114  16:18  Viking  
  114  16:19  Viking, Siege Tank  
  114  16:20  Marine  
  119  16:28  Marine  
  119  16:32  Siege Tank  
  116  16:45  Marine x8  
  103  16:47  Marine  
  103  16:51  Siege Tank  
  103  17:00  Marine x2  
  92  17:03  Marine x5  
  79  17:17  Marine  
  79  17:21  Marine x2  
  60  17:30  Marine  
Show
View Real Time Build Order
Export as new Build Order

MaSa Terran - Winner!

Build Orders:  

Get SALT Encoding   

  12  0:00  SCV  
  13  0:12  SCV  
  14  0:17  Supply Depot  
  14  0:24  SCV  
  15  0:39  SCV  
  15  0:40  Barracks  
  16  0:43  Refinery  
  16  0:47  Refinery  
  16  0:52  SCV  
  17  1:04  SCV  
  18  1:16  SCV  
  19  1:27  Reaper  
  19  1:29  Supply Depot, Orbital Command  
  20  1:41  Factory  
  20  1:54  SCV  
  20  1:59  Reaper  
  22  2:06  SCV  
  23  2:19  SCV  
  23  2:20  Command Center  
  24  2:25  Hellion  
  26  2:31  Barracks Reactor  
  26  2:32  SCV  
  27  2:40  Starport  
  27  2:46  SCV  
  27  2:49  Supply Depot  
  27  2:50  Factory Tech Lab  
  28  2:58  SCV  
  29  2:59  Bunker  
  29  3:10  SCV  
  29  3:11  Cyclone  
  29  3:12  Marine  
  34  3:15  Marine  
  35  3:23  Viking  
  35  3:27  SCV  
  38  3:35  Orbital Command  
  38  3:37  Marine  
  38  3:40  SCV  
  36  3:52  SCV  
  37  3:57  Starport Tech Lab  
  37  4:00  Cyclone  
  40  4:04  SCV  
  40  4:06  SCV  
  40  4:08  Marine x2  
  40  4:09  Refinery  
  44  4:16  Raven, SCV  
  47  4:18  SCV  
  48  4:28  SCV  
  48  4:30  SCV  
  50  4:40  SCV  
  50  4:42  Marine x2, SCV, Command Center  
  54  4:52  SCV  
  54  4:54  SCV  
  54  4:57  Supply Depot  
  54  5:06  Supply Depot  
  54  5:09  Marine x2, SCV, Siege Tank  
  54  5:10  SCV  
  54  5:14  Refinery  
  61  5:18  Raven  
  63  5:21  SCV  
  63  5:23  SCV  
  63  5:26  Supply Depot  
  65  5:31  Supply Depot  
  65  5:32  Marine  
  65  5:33  SCV  
  65  5:34  Marine  
  68  5:41  SCV, Siege Tank  
  72  5:45  SCV  
  73  5:53  SCV  
  73  5:55  Orbital Command  
  74  6:02  Barracks  
  74  6:04  SCV, Barracks  
  74  6:08  SCV  
  76  6:11  Stimpack  
  76  6:12  Marine  
  76  6:17  SCV  
  81  6:18  Siege Tank  
  81  6:20  SCV x2  
  81  6:23  Orbital Command  
  83  6:25  Viking  
  83  6:26  Viking  
  87  6:34  SCV x2  
  87  6:39  Engineering Bay x2  
  89  6:41  Supply Depot  
  89  6:46  SCV x2  
  91  6:53  Refinery, SCV  
  92  6:56  Refinery  
  92  6:57  Supply Depot  
  92  6:58  Marine  
  92  7:00  Barracks Reactor  
  92  7:01  Barracks Reactor  
  93  7:02  Viking x2  
  93  7:03  SCV  
  93  7:04  SCV  
  93  7:06  Supply Depot  
  93  7:07  Terran Infantry Armor Level 1  
  93  7:08  SCV  
  99  7:22  SCV  
  97  7:28  Marine, SCV x2  
  97  7:29  Terran Infantry Weapons Level 1  
  100  7:33  Viking x2  
  100  7:34  SCV  
  105  7:40  SCV x2  
  107  7:45  Marine x2, Siege Tank  
  107  7:46  Marine  
  107  7:49  SCV  
  114  7:53  SCV  
  114  7:57  SCV, Barracks  
  114  7:58  Barracks  
  116  8:02  Marine x2  
  116  8:03  Marine x2  
  120  8:05  Combat Shield  
  120  8:06  Marine  
  120  8:08  SCV x2  
  120  8:09  SCV  
  124  8:14  Supply Depot x2  
  124  8:16  Armory  
  124  8:20  SCV  
  124  8:21  Siege Tank  
  124  8:23  SCV x2  
  124  8:24  Medivac  
  132  8:35  Medivac  
  132  8:38  Command Center  
  130  8:49  Marine x4  
  130  8:50  Barracks Reactor x2  
  130  8:51  SCV  
  130  8:52  SCV  
  130  8:54  Medivac, Siege Tank  
  139  8:57  Marine  
  134  9:05  Medivac  
  134  9:07  Marine x4, Terran Infantry Armor Level 2  
  140  9:11  Terran Vehicle Weapons Level 1  
  140  9:12  SCV x2  
  140  9:15  Marine  
  143  9:24  Medivac  
  143  9:25  Marine x2  
  143  9:30  Terran Infantry Weapons Level 2  
  147  9:33  Supply Depot x2  
  147  9:35  Supply Depot, Medivac  
  147  9:36  Siege Tank  
  149  9:47  Supply Depot  
  149  9:48  Supply Depot  
  149  9:49  Marine x8  
  149  9:52  Marine  
  158  9:54  Medivac  
  160  10:07  Marine x6  
  160  10:08  Siege Tank  
  160  10:12  Marine x2  
  160  10:13  Marine  
  164  10:16  SCV  
  164  10:18  Planetary Fortress  
  156  10:25  Marine x2  
  158  10:29  Marine x3, Sensor Tower, Refinery  
  158  10:30  Marine, Supply Depot, Factory  
  158  10:31  Viking  
  158  10:32  Barracks Reactor  
  164  10:40  Siege Tank  
  167  10:48  Marine x5  
  172  10:54  Medivac  
  171  10:59  Marine x3  
  171  11:01  Medivac  
  171  11:04  SCV x4  
  178  11:11  Marine x3  
  181  11:12  Siege Tank  
  181  11:15  Siege Tank  
  186  11:24  Marine x2  
  186  11:25  Command Center  
  184  11:26  SCV  
  182  11:37  SCV x2  
  178  11:42  Marine x2  
  178  11:43  Marine x2, Barracks Reactor x2  
  178  11:45  Siege Tank  
  178  11:46  SCV x2  
  183  11:48  Siege Tank  
  183  11:49  SCV x2  
  183  11:54  Marine x2  
  180  11:55  Medivac  
  180  11:58  Viking  
  180  12:00  Marine x4  
  154  12:06  Terran Infantry Weapons Level 3  
  152  12:14  Terran Infantry Armor Level 3  
  152  12:17  Siege Tank  
  152  12:20  Marine x3, Siege Tank  
  152  12:21  Marine x6  
  156  12:27  Marine, Medivac  
  156  12:28  Medivac  
  152  12:38  Marine x4  
  155  12:49  Siege Tank  
  155  12:50  Marine x3  
  155  12:51  Marine  
  156  12:52  Siege Tank  
  156  12:57  Viking  
  156  12:58  Marine x4, Viking  
  155  13:02  SCV x3  
  155  13:03  SCV  
  160  13:06  Marine x2, Refinery  
  160  13:07  Refinery  
  160  13:08  Marine  
  155  13:19  Marine x4  
  128  13:20  Marine x3  
  128  13:21  Siege Tank  
  128  13:24  Marine x2, Siege Tank  
  128  13:26  Marine  
  128  13:27  Viking  
  128  13:28  Medivac  
  128  13:31  SCV x2  
  133  13:37  Marine x4  
  133  13:38  Marine x3  
  127  13:46  Marine x2  
  127  13:47  Marine  
  127  13:53  Siege Tank  
  127  13:55  Marine x5  
  130  13:56  Marine, Siege Tank  
  130  14:01  Marine  
  133  14:04  Marine x3  
  133  14:10  Medivac x2  
  133  14:13  Marine x6  
  138  14:19  Marine  
  138  14:22  Marine x3  
  138  14:23  SCV  
  133  14:25  Siege Tank  
  133  14:28  Siege Tank  
  133  14:30  Marine x2  
  133  14:31  Marine  
  142  14:35  Marine x3  
  124  14:38  SCV x3  
  124  14:39  Marine  
  124  14:45  Marine x2  
  115  14:49  Marine  
  115  14:50  SCV  
  121  14:53  Orbital Command  
  121  14:54  Marine, Orbital Command  
  121  14:55  Marine  
  121  14:57  Siege Tank  
  124  15:00  Siege Tank  
  124  15:02  Viking  
  124  15:03  Liberator  
  132  15:11  Marine x7  
  136  15:17  Marine x3  
  133  15:25  SCV x3  
  136  15:29  Marine x7, Siege Tank  
  146  15:35  Marine  
  146  15:36  Marine  
  148  15:43  Marine  
  148  15:44  Siege Tank  
  148  15:47  Marine x2  
  148  15:48  Marine  
  148  15:49  Marine x4  
  152  15:56  Marine x2  
  154  15:57  Liberator  
  154  16:01  Siege Tank  
  154  16:02  Marine  
  149  16:04  Marine  
  149  16:05  Marine  
  149  16:06  Marine x2  
  149  16:10  Marine x2  
  149  16:11  Marine, SCV  
  143  16:12  SCV x2  
  142  16:21  Marine x3  
  142  16:23  SCV  
  146  16:29  Marine  
  146  16:30  Marine x2  
  144  16:39  Marine  
  142  16:40  Marine x3  
  142  16:45  Marine x2  
  138  16:50  SCV x2  
  138  16:51  Marine  
  129  17:01  Marine  
  130  17:14  Marine  
  130  17:15  Marine  
  119  17:28  Marine  
  119  17:29  SCV  
  121  17:31  SCV  

Tags
 
Add a new tag
Caveats
  • Supply blocks, unpowered buildings, or Contaminate may cause inaccurate times.
  • Supply counts are checked every 10 seconds.